 Dungeon Crawl Stone Soup version 0.30-a0-465-g8901f6c8b5 (webtiles) character file.

Game seed: 13986166909002864994

344 vurker the Trooper (level 6, -3/55 HPs)
             Began as a Minotaur Air Elementalist on Dec 17, 2022.
             Was an Initiate of Gozag.
             Slain by an ogre
             ... wielding a +0 giant club
              (15 damage)
             ... on level 4 of the Dungeon.
             The game lasted 00:04:53 (3186 turns).

vurker the Trooper (Minotaur Air Elementalist)      Turns: 3186, Time: 00:04:54

Health: -3/55      AC: 11    Str: 14    XL:     6   Next: 31%
Magic:  7/7        EV:  3    Int: 12    God:    Gozag
Gold:   140        SH:  8    Dex: 11    Spells: 6/7 levels left

rFire   + . .      SeeInvis .    t - +2 whip (elec)
rCold   . . .      Faith    .    p - +0 kite shield
rNeg    . . .      Spirit   .    j - +0 plate armour
rPois   .          Reflect  .    (helmet restricted)
rElec   .          Harm     .    (no cloak)
rCorr   .          Rampage  .    (no gloves)
Will    .....                    (no boots)
Stlth   ..........               (no amulet)
HPRegen 0.29/turn                g - ring of protection from fire
MPRegen 0.10/turn                (no ring)

@: no status effects
A: horns 2, retaliatory headbutt
a: Renounce Religion, Potion Petition, Call Merchant, Bribe Branch


You were on level 4 of the Dungeon.
You worshipped Gozag.
Gozag was aware of your devotion.
You visited 1 branch of the dungeon, and saw 4 of its levels.

You collected 183 gold pieces.
You paid 43 gold pieces to Gozag.

Inventory:

Hand Weapons
 t - a +2 whip of electrocution (weapon)
   (You took it off a kobold on level 3 of the Dungeon)
Armour
 j - a +0 plate armour (worn)
   (You found it on level 1 of the Dungeon)
 p - a +0 kite shield (worn)
   (You found it on level 3 of the Dungeon)
Jewellery
 g - a ring of protection from fire (left hand)
   (You found it on level 1 of the Dungeon)
Wands
 s - a wand of quicksilver (7)
   (You found it on level 3 of the Dungeon)
Scrolls
 c - 2 scrolls of noise {unknown}
 d - a scroll of silence {unknown}
 f - 3 scrolls of vulnerability {unknown}
 h - 2 scrolls of identify {unknown}
 i - a scroll of blinking {unknown}
 k - a scroll of enchant armour {unknown}
 l - a scroll of poison {unknown}
 m - a scroll of teleportation {unknown}
 n - a scroll of enchant weapon {unknown}
 o - a scroll of fear {unknown}
Potions
 a - a potion of brilliance {unknown}
 b - a potion of magic
 e - 4 potions of curing {unknown}
 q - a potion of might {unknown}
 r - a potion of degeneration {unknown}
 u - a potion of haste {unknown}
 v - 2 potions of lignification {unknown}


   Skills:
 * Level 4.8 Fighting
 + Level 1.5 Maces & Flails
 + Level 3.0 Armour
 + Level 3.7 Dodging
 - Level 1.5 Stealth
 + Level 2.5 Shields
 - Level 1.3 Spellcasting
 - Level 0.6 Conjurations
 - Level 2.1 Air Magic


You had 6 spell levels left.
You knew the following spells:

 Your Spells              Type           Power      Damage    Failure   Level
a - Shock                 Conj/Air       16%        1d4       100%        1

Your spell library contained the following spells:

 Spells                   Type           Power      Damage    Failure   Level
 Static Discharge         Conj/Air       8%         2-3/arc   100%        2
 Swiftness                Air            6%         N/A       100%        3
 Airstrike                Air            3%         2d(1-17)  100%        4


Dungeon Overview and Level Annotations

Branches:
Dungeon (4/15)
 Temple: D:4-7

Altars:
Fedhas
Gozag
Hepliaklqana
Kikubaaqudgha
Nemelex Xobeh
Okawaru
Xom


Innate Abilities, Weirdness & Mutations

You have a pair of horns on your head.
You reflexively headbutt those who attack you in melee.


Message History

A magic dart appears from out of thin air!
The magic dart hits you but does no damage.
You closely miss something. Your headbutt misses something.
Something hits you but does no damage.
You hit something. Something hits you.
* * * LOW HITPOINT WARNING * * *
You hit something. Something hits you but does no damage.
Something hits you but does no damage.
You barely miss something. Your headbutt misses something. Something hits you.
* * * LOW HITPOINT WARNING * * *
You hit something.
Reactivating autopickup.
You feel a bit more experienced.
You now have 117 gold pieces (gained 6).
Things that are here:
a +0 trident; a +0 ring mail You now have 124 gold pieces (gained 7).
You see here a +0 flail.
You now have 136 gold pieces (gained 12).
Items here: )) [[.
You now have 140 gold pieces (gained 4).
You see here a +0 flail.
Items here: )) [[.
You open the door.
Found 6 stones.
There is an open door here.
There is an open door here.
There is an open door here.
You see here 6 stones.
There is an open door here.
An ogre comes into view. It is wielding a +0 giant club.
The ogre shouts!
There is an open door here.
An ogre is nearby!
An ogre is nearby!
An ogre is nearby!
The ogre hits you with a +0 giant club!!
You hit the ogre. You headbutt the ogre.
The ogre hits you with a +0 giant club!
* * * LOW HITPOINT WARNING * * *
You barely miss the ogre. You headbutt the ogre. You hit the ogre.
You headbutt the ogre. The ogre hits you with a +0 giant club!
* * * LOW HITPOINT WARNING * * *
You barely miss the ogre. The ogre hits you with a +0 giant club!
You die...
Your body crumbles into a pile of gold.

.........#...#...#.....#
.........#...'...#.....#
.........#########.....#
...#####.............###
...# #.............#
...# ............# ...+
............# ...#
......O.....# ...#
.......@..<.# ####
#########'##.....
+....))...#.....
#.....))..# .. .
##...###.##
#...###.#######
#.............#
#.............#
#.............#


You could see an ogre.

Vanquished Creatures
  A necrophage (D:4)
  A hound (D:4)
  2 iguanas (D:4)
  2 orc wizards (D:4)
  2 adders (D:4)
  4 gnolls
  A white imp (D:4)
  A dart slug (D:1)
  7 orcs
  9 endoplasms
  5 goblins
  4 hobgoblins
  7 jackals
  13 kobolds
  7 ball pythons
  5 bats
  4 frilled lizards
  3 rats
78 creatures vanquished.

Notes
Turn   | Place    | Note
-------+----------+-------------------------------------------
     0 | D:1      | vurker the Minotaur Air Elementalist began the quest for
                  | the Orb.
     0 | D:1      | Reached XP level 1. HP: 14/14 MP: 1/1
    91 | D:1      | Reached skill level 1 in Fighting
   117 | D:1      | Reached XP level 2. HP: 5/23 MP: 3/3
   221 | D:1      | Reached skill level 1 in Armour
   401 | D:1      | Reached skill level 2 in Fighting
   812 | D:2      | Reached XP level 3. HP: 29/29 MP: 4/4
  1526 | D:2      | Reached skill level 3 in Fighting
  1541 | D:3      | Reached XP level 4. HP: 12/38 MP: 5/5
  1551 | D:3      | Reached skill level 1 in Shields
  2532 | D:4      | Reached XP level 5. HP: 38/46 MP: 6/6
  2563 | D:4      | Found an opulent altar of Gozag.
  2565 | D:4      | Found an ancient bone altar of Kikubaaqudgha.
  2619 | D:4      | Reached skill level 4 in Fighting
  2648 | D:4      | Found a sparkling altar of Nemelex Xobeh.
  2649 | D:4      | Found an iron altar of Okawaru.
  2652 | D:4      | Found a blossoming altar of Fedhas.
  2654 | D:4      | Found a shimmering altar of Xom.
  2654 | D:4      | Found a hazy altar of Hepliaklqana.
  2660 | D:4      | Reached skill level 1 in Maces & Flails
  2664 | D:4      | Became a worshipper of Gozag Ym Sagoz the Greedy
  2887 | D:4      | Reached XP level 6. HP: 45/53 MP: 7/7
  3186 | D:4      | Slain by an ogre

Illustrated notes

Levels and vault maps discovered:
D:1:      sevenhm_arrival_forest_fort_small_3, layout_rooms,
          hangedman_decor_lopped
D:2:      layout_basic, minmay_misc_feat_tiny
D:3:      layout_basic
D:4:      layout_gridville, nicolae_overflow_hallway_of_the_gods

Skill      XL: |  1  2  3  4  5  6 |
---------------+-------------------+-----
Fighting       | 1 2 3 4 |  4.8
Armour         | 1 2 3 |  3.0
Dodging        | 3 |  3.7
Shields        | 1 2 |  2.5
Maces & Flails | 1 |  1.5
Stealth        | |  1.5
Spellcasting   | |  1.3
Conjurations   | |  0.6
Air Magic      | |  2.1

Action                   |  1- 3 |  4- 6 || total
-------------------------+-------+-------++-------
Melee: Dagger            |    20 |       ||    20
       Unarmed           |     9 |       ||     9
       Headbutt          |    17 |    25 ||    42
       Short sword       |    80 |    77 ||   157
       Whip              |       |    57 ||    57
Armor: Robe              |     7 |       ||     7
       Plate armour      |    39 |    80 ||   119
Dodge: Dodged            |    38 |    14 ||    52
Block: Kite shield       |     5 |    50 ||    55

Table legend: (Time is in decaauts)
 A = Elapsed time spent in this place.
 B = Non-inter-level travel time spent in this place.
 C = Inter-level travel time spent in this place.
 D = Time resting spent in this place.
 E = Time spent auto-exploring this place.
 F = Levels seen in this place.
 G = Mean time per level.
                   A        B        C        D        E       F      G
               +--------+--------+--------+--------+--------+-----+--------+
         Total |   3164 |   3015 |    149 |     25 |   2404 |   4 |  791.0 |
       Dungeon |   3164 |   3015 |    149 |     25 |   2404 |   4 |  791.0 |
               +--------+--------+--------+--------+--------+-----+--------+

Top non-repeatable levels by time:
     D:3: 1063 daAuts
     D:1: 799 daAuts
     D:4: 677 daAuts
     D:2: 624 daAuts
